 Dungeon Crawl Stone Soup version 0.28-a0-1199-gef9e1dbd39 (webtiles) character file.

Game seed: 14855928513507821557

973 ChaosChampion the Ruffian (level 7, -1/48 HPs)
             Began as a Black Draconian Transmuter on Dec 19, 2021.
             Was a Follower of Okawaru.
             Killed themself with a bounced orb of electricity (9 damage)
             ... on level 5 of the Dungeon.
             The game lasted 00:09:28 (7412 turns).

ChaosChampion the Ruffian (DrTm)                    Turns: 7412, Time: 00:09:29

Health: -1/48      AC: 11    Str: 10    XL:     7   Next: 94%
Magic:  9/11       EV: 17    Int: 16    God:    Okawaru [*.....]
Gold:   283        SH:  0    Dex: 11    Spells: 8/11 levels left

rFire   . . .      SeeInvis .     - Unarmed
rCold   . . .      Faith    .   (no shield)
rNeg    . . .      Spirit   .   (armour unavailable)
rPois   .          Reflect  .   (helmet restricted)
rElec   +          Harm     .   p - +2 cloak
rCorr   .          Rampage  .   j - +1 pair of gloves
Will    .....                   (no boots)
Stlth   +.........              (no amulet)
HPRegen 0.16/turn               n - +4 ring of evasion
MPRegen 0.12/turn               (no ring)

@: wereblooded
A: breathe lightning, AC +6, unfitting armour, electricity resistance,
cold-blooded, frail 2, weak 1
a: Breathe Lightning, Renounce Religion, Heroism


You were on level 5 of the Dungeon.
You worshipped Okawaru.
Okawaru was aware of your devotion.
You visited 2 branches of the dungeon, and saw 6 of its levels.
You also visited: Sewer.

You collected 283 gold pieces.

Inventory:

Armour
 j - a +1 pair of gloves (worn)
 p - a +2 cloak (worn)
Jewellery
 n - a +4 ring of evasion (left hand)
Scrolls
 b - 3 scrolls of magic mapping
 c - 2 scrolls of amnesia
 f - 3 scrolls of blinking
 g - 2 scrolls of fog
 h - a scroll of acquirement {unknown}
 l - 2 scrolls of teleportation
 m - a scroll of fear
Potions
 d - a potion of attraction
 e - a potion of haste {unknown}
 i - 4 potions of flight
 k - 2 potions of degeneration {unknown}
 o - a potion of cancellation {unknown}


   Skills:
 + Level 4.7 Fighting
 + Level 4.2 Dodging
 * Level 6.9 Unarmed Combat
 * Level 2.7 Spellcasting
 + Level 2.5 Transmutations


You had 8 spell levels left.
You knew the following spells:

 Your Spells              Type           Power      Damage    Failure   Level
a - Beastly Appendage     Tmut           20%        N/A       7%          1
b - Wereblood             Tmut           10%        N/A       11%         2

Your spell library contained the following spells:

 Spells                   Type           Power      Damage    Failure   Level
 Ensorcelled Hibernation  Hex/Ice        4%         N/A       28%         2
 Spider Form              Tmut/Pois      6%         N/A       34%         3
 Ice Form                 Ice/Tmut       6%         N/A       75%         4
 Tukima's Dance           Hex            Unusable   N/A       N/A         3

Dungeon Overview and Level Annotations

Branches:
Dungeon (5/15)             Temple (1/1) D:5           Sewer (visited)

Altars:
Ashenzari
Elyvilon
Fedhas
Hepliaklqana
Nemelex Xobeh
Okawaru
Qazlal
Ru
Sif Muna
Trog
Uskayaw
Vehumet
Wu Jian
The Shining One
Lugonu

Shops:
D:2 (


Innate Abilities, Weirdness & Mutations

You can breathe wild blasts of lightning.
Your glossy black scales are hard. (AC +6)
You cannot fit into any form of body armour.
You are resistant to electric shocks. (rElec)
You are cold-blooded and may be slowed by cold attacks.
You are very frail. (-20% HP)
You are weak. (Str -2)


Message History

You closely miss Edmund.
Edmund is heavily wounded.
A bullfrog skeleton comes into view.
Edmund hits you but does no damage.
You barely miss Edmund.
Edmund is heavily wounded.
Edmund hits you with a +2 dire flail of protection.
Edmund says, "People think my brother is the best.
I think he's crazy."
You see here a scroll of fog.
The bullfrog skeleton hits you but does no damage.
The bullfrog skeleton barely misses you.
You have got your breath back.
Casting: Beastly Appendage (safe; 7% risk of failure)
Confirm with . or Enter, or press ? or * to list all spells.
Your blood is infused with primal strength.
The bullfrog skeleton hits you but does no damage.
You punch Edmund!
Edmund is severely wounded.
Activating: Breathe Lightning (5% risk of failure)
Press: ? - help, Q - select action, (/) - cycle Dir - look around, f - activate You fail to use your ability.
Edmund completely misses you.
Activating: Breathe Lightning (5% risk of failure)
Press: ? - help, Q - select action, (/) - cycle Dir - look around, f - activate You breathe a wild blast of lightning!
The orb of electricity explodes!
The orb of electricity engulfs you! You resist.
The orb of electricity engulfs Edmund!!
You feel a bit better.
You kill Edmund!
Okawaru is honoured by your kill.
You can now gain great but temporary skills.
The orb of electricity engulfs the bullfrog skeleton!!
You destroy the bullfrog skeleton!
Okawaru accepts your kill.
The orb of electricity explodes!
The orb of electricity engulfs you! You resist.
* * * LOW HITPOINT WARNING * * *
You hear a mighty clap of thunder!
You hear a clap of thunder!
The orb of electricity engulfs you! You resist.
You die...

#P###
*.≈≈≈≈≈≈≈≈≈..#
.#..#
#............#
....#
#.#.###......#
..P.###
#...##..?#####
....P.# **#..).###
_.#..§# ####.#
§...### #.#
.#....# #)#
#.....# #@#
..#P..##########.#
.P###............#
..# ##.###########
##***#.# *,,,,..#
****####****
,,,,,,,,,,,*
*,,,*,,,*,,*


There were no monsters in sight!

Vanquished Creatures
  Eustachio (D:4)
  Edmund (D:5)
  A centaur (D:5)
  Blork the orc (D:4)
  5 wights (D:5)
  Crazy Yiuf (D:4)
  A jelly (D:4)
  2 hounds (D:4)
  3 bullfrog skeletons
  An iguana (D:4)
  2 orc wizards (D:4)
  4 hound skeletons (D:4)
  3 gnolls (D:4)
  4 adders
  8 worms
  A dart slug (D:2)
  3 orcs (D:4)
  10 bats
  13 endoplasms
  A giant cockroach (D:3)
  4 goblins
  8 hobgoblins
  11 jackals
  5 kobolds
  6 quokkas
  7 ball pythons
  3 frilled lizards
  14 rats
124 creatures vanquished.

Notes
Turn   | Place    | Note
-------+----------+-------------------------------------------
     0 | D:1      | ChaosChampion the Draconian Transmuter began the quest for
                  | the Orb.
     0 | D:1      | Reached XP level 1. HP: 16/16 MP: 3/3
   291 | D:1      | Reached XP level 2. HP: 15/23 MP: 3/5
   294 | D:1      | Learned a level 2 spell: Wereblood
  1115 | D:2      | Reached XP level 3. HP: 12/29 MP: 4/6
  1335 | D:2      | Found a white marble altar of Elyvilon.
  1345 | D:2      | Reached skill level 4 in Unarmed Combat
  1561 | D:2      | Reached XP level 4. HP: 31/36 MP: 5/7
  1626 | D:2      | Found Sosal's Antique Weapon Shoppe.
  2361 | D:3      | Found a white marble altar of Elyvilon.
  3109 | D:4      | Reached XP level 5. HP: 37/42 MP: 8/8
  3361 | D:4      | Reached skill level 5 in Unarmed Combat
  3380 | D:4      | Found a glowing drain.
  3420 | Sewer    | Entered a sewer
  3902 | Sewer    | Reached XP level 6. HP: 51/51 MP: 6/9
  4142 | D:4      | Gained mutation: You are weak. (Str -2) [potion of
                  | mutation]
  4142 | D:4      | Gained mutation: You are strong-willed. (Will+) [potion of
                  | mutation]
  4143 | D:4      | Lost mutation: You are weak. (Str -2) [potion of mutation]
  4143 | D:4      | Lost mutation: You are strong-willed. (Will+) [potion of
                  | mutation]
  4143 | D:4      | Gained mutation: You are frail. (-10% HP) [potion of
                  | mutation]
  4143 | D:4      | Gained mutation: You are very frail. (-20% HP) [potion of
                  | mutation]
  4143 | D:4      | Gained mutation: You are weak. (Str -2) [potion of
                  | mutation]
  4357 | D:4      | Noticed Eustachio
  4537 | D:4      | HP: 2/40 [orc wizard/puff of flame (3)]
  5134 | D:4      | HP: 2/40 [river rat[Eustachio] (3)]
  5138 | D:4      | Killed Eustachio
  5139 | D:4      | Reached skill level 6 in Unarmed Combat
  5139 | D:4      | Your scales start taking on a glossy black colour.
  5139 | D:4      | Reached XP level 7. HP: 3/47 MP: 8/10
  5139 | D:4      | Gained mutation: You are resistant to electric shocks.
                  | (rElec) [Black Draconian growth]
  5869 | D:4      | Found a runed translucent door.
  5870 | D:4      | Noticed Crazy Yiuf
  5994 | D:4      | Noticed Blork the orc
  6003 | D:4      | Killed Blork the orc
  6364 | D:4      | Killed Crazy Yiuf
  6569 | D:5      | Entered Level 5 of the Dungeon
  6582 | D:5      | Found a staircase to the Ecumenical Temple.
  6591 | Temple   | Entered the Ecumenical Temple
  6716 | Temple   | Became a worshipper of Warmaster Okawaru
  7310 | D:5      | Found a sacrificial altar of Ru.
  7341 | D:5      | Found a hazy altar of Hepliaklqana.
  7380 | D:5      | Noticed Edmund
  7412 | D:5      | Killed Edmund
  7412 | D:5      | Reached * piety under Okawaru
  7412 | D:5      | Killed themself with a bounced orb of electricity

Illustrated notes

Levels and vault maps discovered:
D:1:      roderic_chinese_lattice_arrival, layout_loops_cross
D:2:      layout_loops_ring, basic_altar, serial_shops, nicolae_shop_statue_plus
D:3:      layout_loops_corners, lemuel_tele_altar
D:4:      layout_loops_ring, cheibrodos_sewer_entry_drain, uniq_blork_the_orc,
          uniq_crazy_yiuf_cottage, uniq_eustachio
D:5:      layout_loops_ring, nicolae_ru_awakened_eye,
          nicolae_hepliaklqana_hazy_memory, lemuel_coloured_pillars_altar,
          mainiacjoe_overflow_brackets, gammafunk_temple_of_torment,
          minmay_temple_entry_poolview, chequers_serial_rivers_micro_c,
          uniq_edmund
Temple:   kb_corrupted_temple

Skill      XL: |  1  2  3  4  5  6  7 |
---------------+----------------------+-----
Dodging        | 2 3 4 |  4.2
Fighting       | 2 3 4 |  4.7
Unarmed Combat | 4 5 6 |  6.9
Spellcasting   | |  2.7
Transmutations | |  2.5

Action                   |  1- 3 |  4- 6 |  7- 9 || total
-------------------------+-------+-------+-------++-------
Melee: Unarmed           |    61 |   327 |    76 ||   464
       Kick              |    12 |    38 |    11 ||    61
       Headbutt          |     7 |    19 |     6 ||    32
       Tailslap          |     6 |    26 |     6 ||    38
       Punch             |       |     8 |     2 ||    10
 Cast: Beastly Appendage |    22 |    39 |    12 ||    73
       Wereblood         |       |    13 |     5 ||    18
 Abil: Breathe Lightning |       |       |     6 ||     6
  Use: Scroll            |       |     8 |     2 ||    10
       Potion            |       |     4 |       ||     4
 Stab: Sleeping          |       |     2 |     1 ||     3
Armor: Skin              |    13 |   144 |    20 ||   177
Dodge: Dodged            |    33 |   230 |    54 ||   317

Table legend: (Time is in decaauts)
 A = Elapsed time spent in this place.
 B = Non-inter-level travel time spent in this place.
 C = Inter-level travel time spent in this place.
 D = Time resting spent in this place.
 E = Time spent auto-exploring this place.
 F = Levels seen in this place.
 G = Mean time per level.
                   A        B        C        D        E       F      G
               +--------+--------+--------+--------+--------+-----+--------+
         Total |   7534 |   7378 |    156 |   1109 |   4787 |   7 | 1076.3 |
       Dungeon |   6579 |   6423 |    156 |   1109 |   4174 |   5 | 1315.8 |
        Temple |    145 |    145 |      0 |      0 |     79 |   1 |  145.0 |
         Sewer |    809 |    809 |      0 |      0 |    534 |   1 |  809.0 |
               +--------+--------+--------+--------+--------+-----+--------+

Top non-repeatable levels by time:
     D:3: 2155 daAuts
     D:4: 1814 daAuts
     D:2: 1115 daAuts
   Sewer: 809 daAuts
     D:1: 800 daAuts
     D:5: 693 daAuts
  Temple: 145 daAuts
